 Dungeon Crawl Stone Soup version 0.30-a0-1112-gfb780f5df6 (webtiles) character file.

Game seed: 12390918752001990905

1326090 ragingrage the Acrobat (level 24, 121/121 HPs)
             Began as a Felid Artificer on Apr 18, 2023.
             Was an Initiate of Gozag.
             Escaped with the Orb
             ... and 3 runes on Apr 19, 2023!
             The game lasted 02:51:09 (103820 turns).

ragingrage the Acrobat (Felid Artificer)          Turns: 103820, Time: 02:51:09

Health: 121/121    AC:  3    Str:  8    XL:     24   Next: 21%
Magic:  49/49      EV: 43    Int: 19    God:    Gozag
Gold:   4967       SH:  0    Dex: 25    Spells: 3/47 levels left
                                        Lives:  2   Deaths: 4

rFire   + . .      SeeInvis +      - Unarmed
rCold   + . .      Faith    .    (shield unavailable)
rNeg    . . .      Spirit   .    (body armour unavailable)
rPois   .          Reflect  .    (helmet unavailable)
rElec   +          Rampage  .    (cloak unavailable)
rCorr   +                        (gloves unavailable)
Will    ++++.                    (boots unavailable)
Stlth   ++                       f - amulet "Ajina Anut" {Fly Regen+ Dex+2}
HPRegen 1.20/turn                H - ring "Kigode" {rC+ Will+ MP+9 Dex+2}
MPRegen 0.31/turn                S - ring of Wonder {Fire rElec rCorr}

@: flying, quick
A: very small, claws 1, fangs 3, see invisible, speed 1, shaggy fur 3, stealthy
paws, no weapons or thrown items, no armour, multi-lived, noise suppression
0: Orb of Zot
}: 3/15 runes: barnacled, slimy, gossamer
a: Renounce Religion, Potion Petition, Call Merchant, Bribe Branch


You escaped.
You worshipped Gozag.
Gozag was most pleased with you.
You visited 11 branches of the dungeon, and saw 52 of its levels.
You also visited: Ossuary, Bailey and Ice Cave.

You collected 26939 gold pieces.
You spent 5122 gold pieces at shops.
You paid 16850 gold pieces to Gozag.

Inventory:

Jewellery
 f - the amulet "Ajina Anut" (around neck) {Fly Regen+ Dex+2}
   (You acquired it on level 2 of the Elven Halls)

   [amulet of regeneration]

   Dex:       It affects your dexterity (+2).
   Fly:       It grants you flight.
   Regen:     It increases your rate of health regeneration.
 w - the ring of Perooh {rF+ rN++ SInv}
   (You found it on level 4 of the Dungeon)

   [ring of protection from fire]

   rF:        It protects you from fire.
   rN:        It greatly protects you from negative energy.
   SInv:      It lets you see invisible.
 H - the ring "Kigode" (left paw) {rC+ Will+ MP+9 Dex+2}
   (You found it on level 8 of the Dungeon)

   [ring of protection from cold]

   Dex:       It affects your dexterity (+2).
   rC:        It protects you from cold.
   MP:        It affects your magic capacity (+9).
   Will:      It increases your willpower.
 N - a +4 ring of protection
 R - the ring of Satergh {rF++ Str+6 Stlth+}
   (You took it off a deep elf elementalist on level 3 of the Elven Halls)

   [ring of strength]

   Str:       It affects your strength (+6).
   rF:        It greatly protects you from fire.
   Stlth:     It makes you more stealthy.
 S - the ring of Wonder (right paw) {Fire rElec rCorr}
   (You found it on level 5 of the Pits of Slime)

   [ring of fire]

   It enhances your fire magic.
   rF:        It protects you from fire.
   rC:        It makes you vulnerable to cold.
   rElec:     It insulates you from electricity.
   rCorr:     It protects you from acid and corrosion.
Wands
 a - a wand of flame (87)
 c - a wand of iceblast (38)
 d - a wand of mindburst (23)
 m - a wand of digging (14)
 y - a wand of polymorph (26)
 D - a wand of quicksilver (19)
 I - a wand of charming (45)
Scrolls
 b - 2 scrolls of magic mapping
 e - 5 scrolls of blinking
 g - 11 scrolls of vulnerability
 i - 11 scrolls of fear
 j - 18 scrolls of teleportation
 r - 3 scrolls of silence
 t - 9 scrolls of fog
 z - 5 scrolls of immolation
 B - 4 scrolls of torment
 C - 6 scrolls of poison
 K - a scroll of summoning
 P - a scroll of amnesia
Potions
 h - 10 potions of haste
 k - 14 potions of brilliance
 l - 14 potions of might
 n - 11 potions of flight
 o - 9 potions of ambrosia
 p - 5 potions of mutation
 q - 4 potions of resistance
 s - 6 potions of heal wounds
 u - 11 potions of curing
 v - 9 potions of cancellation
 A - 10 potions of attraction
 L - 5 potions of berserk rage
 M - 7 potions of magic
 O - 8 potions of lignification
 Q - 4 potions of invisibility
Miscellaneous
 x - a lightning rod (4/4)
 E - a phantom mirror
 F - a condenser vane
 J - a phial of floods
 T - a box of beasts


   Skills:
 + Level 19.4 Fighting
 + Level 22.6 Dodging
 * Level 12.9 Stealth
 - Level 20.0 Unarmed Combat
 - Level 12.0 Spellcasting
 - Level 6.0 Conjurations
 - Level 5.0 Hexes
 - Level 10.0 Translocations
 - Level 20.0 Transmutations
 - Level 20.5 Air Magic
 - Level 5.0 Earth Magic
 - Level 3.0 Poison Magic
 - Level 12.0 Evocations


You had 3 spell levels left.
You knew the following spells:

 Your Spells              Type           Power      Damage    Failure   Level
a - Storm Form            Tmut/Air       36%        N/A       1%          7
b - Irradiate             Conj/Tmut      28%        3d21      1%          5
c - Vhi's Electric Charg  Tloc/Air       100%       N/A       1%          3
d - Manifold Assault      Tloc           49%        N/A       1%          4
e - Blink                 Tloc           98%        N/A       1%          2
f - Maxwell's Capacitive  Air            36%        ∞         9%          8
g - Arcjolt               Conj/Air       29%        1d39      1%          5
h - Swiftness             Air            73%        N/A       0%          3
i - Yara's Violent Unrav  Hex/Tmut       28%        3d12      1%          5
j - Passwall              Tmut/Erth      46%        N/A       1%          2

Your spell library contained the following spells:

 Spells                   Type           Power      Damage    Failure   Level
 Apportation              Tloc           98%        N/A       1%          1
 Foxfire                  Conj/Fire      100%       2x1d9     1%          1
 Magic Dart               Conj           100%       1d8       1%          1
 Sandblast                Erth           60%        2d14      1%          1
 Shock                    Conj/Air       100%       1d9       1%          1
 Slow                     Hex            100%       N/A       1%          1
 Sting                    Tmut/Pois      100%       1d8       1%          1
 Cigotuvi's Dreadful Rot  Necr/Pois/Air  82%        N/A       1%          2
 Lesser Beckoning         Tloc           98%        N/A       1%          2
 Momentum Strike          Conj/Tloc      82%        3d10      1%          2
 Searing Ray              Conj           68%        2d6       1%          2
 Dazzling Flash           Conj/Hex       64%        N/A       1%          3
 Gell's Gravitas          Tloc           49%        N/A       1%          3
 Ignite Poison            Fire/Tmut/Pois 57%        N/A       1%          3
 Mephitic Cloud           Conj/Pois/Air  48%        N/A       1%          3
 Stone Arrow              Conj/Erth      64%        3d11      1%          3
 Teleport Other           Tloc           49%        N/A       1%          3
 Hailstorm                Conj/Ice       22%        3d7       5%          3
 Freeze                   Ice            44%        1d6       6%          1
 Necrotise                Necr           44%        1d6       6%          1
 Summon Small Mammal      Summ           44%        N/A       6%          1
 Inner Flame              Hex/Fire       31%        N/A       6%          3
 Summon Guardian Golem    Hex/Summ       20%        N/A       6%          3
 Call Imp                 Summ           22%        N/A       9%          2
 Scorch                   Fire           34%        2d6       9%          2
 Frozen Ramparts          Ice            22%        1d4       19%         3
 Ozocubu's Armour         Ice            11%        N/A       19%         3
 Airstrike                Air            36%        2d(6-22)  0%          4
 Petrify                  Tmut/Erth      56%        N/A       1%          4
 Summon Lightning Spire   Summ/Air       50%        N/A       1%          4
 Blade Hands              Tmut           36%        N/A       1%          5
 Silence                  Hex/Air        28%        N/A       1%          5
 Freezing Cloud           Conj/Ice/Air   22%        6-21      4%          5
 Statue Form              Tmut/Erth      37%        N/A       5%          6
 Fulminant Prism          Conj/Hex       16%        3d10      6%          4
 Cause Fear               Hex            15%        N/A       8%          4
 Leda's Liquefaction      Hex/Erth       15%        N/A       8%          4
 Plasma Beam              Fire/Air       33%        2x1d50    14%         6
 Dispersal                Tloc           24%        N/A       16%         6
 Flame Wave               Conj/Fire      34%        2d10      17%         4
 Olgreb's Toxic Radiance  Pois           22%        N/A       17%         4
 Anguish                  Hex/Necr       10%        N/A       22%         4
 Fireball                 Conj/Fire      17%        3d9       43%         5
 Summon Ice Beast         Ice/Summ       11%        N/A       52%         4
 Metabolic Englaciation   Hex/Ice        10%        N/A       52%         5
 Summon Mana Viper        Hex/Summ       20%        N/A       52%         5
 Iron Shot                Conj/Erth      16%        9d4       67%         6
 Agony                    Necr           11%        N/A       86%         5
 Starburst                Conj/Fire      17%        6d6       95%         6
 Orb of Destruction       Conj           17%        9d7       99%         7
 Summon Cactus Giant      Summ           5%         N/A       100%        6
 Enfeeble                 Hex            15%        N/A       100%        7
 Malign Gateway           Summ/Tloc      15%        N/A       100%        7
 Monstrous Menagerie      Summ           5%         N/A       100%        7
 Spellforged Servitor     Conj/Summ      11%        N/A       100%        7
 Borgnjor's Revivificati  Necr           5%         N/A       100%        8
 Discord                  Hex            15%        N/A       100%        8
 Disjunction              Tloc           24%        N/A       100%        8
 Ignition                 Fire           8%         3d5       100%        8
 Infestation              Necr           5%         N/A       100%        8
 Lehudib's Crystal Spear  Conj/Erth      16%        10d5      100%        8
 Necromutation            Tmut/Necr      24%        N/A       100%        8
 Summon Horrible Things   Summ           5%         N/A       100%        8
 Chain Lightning          Conj/Air       29%        3d38      100%        9
 Death's Door             Necr           5%         N/A       100%        9
 Polar Vortex             Ice            5%         N/A       100%        9
 Shatter                  Erth           15%        3d15*     100%        9
 Animate Armour           Summ/Erth      Unusable   N/A       N/A         4
 Simulacrum               Ice/Necr       Unusable   N/A       N/A         6

Dungeon Overview and Level Annotations

Branches:
Dungeon (15/15)            Temple (1/1) D:6            Lair (5/5) D:11
 Shoals (4/4) Lair:2       Spider (4/4) Lair:3        Slime (5/5) Lair:4
    Orc (2/2) D:10            Elf (3/3) Orc:2        Vaults (4/5) D:13
  Crypt (0/3) Vaults:2     Depths (4/4) D:15            Zot (5/5) Depths:4
Ossuary (visited)          Bailey (visited)           IceCv (visited)

Altars:
Ashenzari
Cheibriados
Elyvilon
Fedhas
Gozag
Hepliaklqana
Kikubaaqudgha
Makhleb
Nemelex Xobeh
Okawaru
Qazlal
Ru
Sif Muna
Trog
Uskayaw
Vehumet
Xom
Yredelemnul
Zin
The Shining One
Jiyva

Shops:
D:8 :   D:10 (   Orc:1 !*   Orc:2 ?:[(*   Elf:2 =   Elf:3 :   Lair:2 :
Lair:3 :   Vaults:1 (   Vaults:3 !   Vaults:4 (   Depths:2 [   Depths:3 [[*=

Portals:
Hell: Depths:1 Depths:2 Depths:3 Depths:4
Abyss: Depths:3
Pandemonium: Depths:2
Ziggurat: Depths:1

Annotations:
Shoals:1 exclusion: downstairs
Shoals:2 exclusion: downstairs
Spider:3 2 transporters, exclusions: 2 oklob plants and orange crystal statue, Arachne; Musia's ghost, adept DjCj
Orc:1 exclusion: downstairs
Elf:2 3 runed translucent doors
Elf:3 1 exclusion
Vaults:2 Mennas
Depths:1 3 runed translucent doors
Depths:2 5 transporters
Depths:3 3 runed translucent doors, pigah's ghost, adept OpWn


Innate Abilities, Weirdness & Mutations

You have sharp claws.
You have razor-sharp teeth.
You have supernaturally acute eyesight. (SInv)
You cover ground quickly. (Speed+)
Your thick and shaggy fur keeps you warm. (AC +3, rC+)
Your paws help you pounce on unaware monsters.
You are incapable of wielding weapons or throwing items.
You cannot wear armour.
You gain extra lives every three experience levels.
You passively dampen the noise of your surroundings.


Message History

You fly upwards.
There is a stone staircase leading down here.
(D) Dungeon (T) Temple (L) Lair (A) Shoals (N) Spider Nest (M) Slime Pits (O) Orcish Mines (E) Elven Halls (V) Vaults (C) Crypt (U) Depths (H) Hell (Z) Zot
Where to? (Enter - D:1 @ (x,y), ? - help)
What level of the Dungeon? (default 1, ? - help)
There is an open door here.
Your transformation has ended.
There is an open door here.
A large abomination comes into view.
Casting: Storm Form (dangerous; 1% risk of failure)
You turn into a lightning-filled tempest!
You blast the large abomination!!!
Lightning courses through the large abomination!!
You destroy the large abomination!
No target in view!
No target in view!
You now have 4967 gold pieces (gained 15).
(D) Dungeon (T) Temple (L) Lair (A) Shoals (N) Spider Nest (M) Slime Pits (O) Orcish Mines (E) Elven Halls (V) Vaults (C) Crypt (U) Depths (H) Hell (Z) Zot
Where to? (Enter - D:1 @ (x,y), ? - help)
There is an open door here.
There is a stone staircase leading up here.
You fly upwards.
There is a stone staircase leading down here.
There is a stone staircase leading up here.
You fly upwards.
There is a stone staircase leading down here.
Your transformation is almost over.
There is a stone staircase leading up here.
You fly upwards.
There is a stone staircase leading down here.
Your transformation has ended.
There is an open door here.
There is a staircase leading out of the dungeon here.
You have escaped!

#≈≈~##...##.........
#≈≈≈~'...'..........
#≈≈~##...#..........
#~≈.#...###.........
#~.##...# ##########
#≈.#...## #>##...#
###...## #.@.##
#####


There were no monsters in sight!

Vanquished Creatures
  the Royal Jelly (Slime:5)
  Mara (Vaults:2)
  An orb of fire (Zot:3)
  A Killer Klown (Zot:4)
  3 curse toes
  Margery (Vaults:4)
  A caustic shrike (Depths:3)
  6 golden dragons
  An electric golem (Zot:3)
  13 tentacled monstrosities
  A hellephant (Depths:4)
  An Ice Fiend (D:11)
  7 quicksilver dragons
  5 Orb Guardians (Zot:5)
  A lich (Depths:3)
  31 acid blobs
  2 deep elf blademasters (Elf:3)
  2 deep elf master archers (Elf:3)
  A walking divine tome (Depths:1)
  8 death cobs
  A titan (Zot:1)
  A kraken (Shoals:4)
  An Executioner (D:15)
  9 shadow dragons
  8 sphinxes
  8 storm dragons
  A tengu reaver (Vaults:3)
  9 draconian monks
  A daeva (D:5)
  10 frost giants
  10 rockslimes
  An azure jelly (shapeshifter) (D:12)
  Roxanne (Spider:1)
  7 draconian knights
  7 azure jellies
  11 ghost moths
  10 vault wardens
  4 deep elf sorcerers (Elf:3)
  8 emperor scorpions
  7 fire giants
  2 deep elf elementalists (Elf:3)
  10 draconian shifters
  4 orc warlords
  5 draconian scorchers
  A balrug (Depths:1)
  The ghost of Soghihiz the Warrior, a journeyman TeMo of Makhleb (Orc:1)
  9 draconian annihilators
  7 draconian stormcallers
  15 ironbound preservers
  16 stone giants
  4 spriggan defenders
  13 quicksilver oozes
  5 broodmothers
  13 very ugly things
  4 vampire knights
  7 deep elf demonologists
  2 ironbound thunderhulks
  7 black draconians
  13 red draconians
  8 purple draconians
  13 white draconians
  A lorocyproca (D:13)
  10 green draconians
  15 dire elephants
  A bunyip (shapeshifter) (Vaults:1)
  2 demonspawn black suns (D:13)
  4 spark wasps
  A minotaur (Shoals:4)
  8 deep elf annihilators (Elf:3)
  2 green deaths (Depths:1)
  21 yellow draconians
  3 blizzard demons
  7 deep elf death magi
  6 ettins
  2 merfolk javelineers
  4 merfolk impalers
  12 yaktaur captains
  2 crystal guardians (Vaults:3)
  The ghost of MrSquiggles the Spear-Bearer, a journeyman HuGl of Makhleb (Lair:1)
  4 entropy weavers
  8 fire dragons
  5 deep elf high priests
  4 ice dragons
  7 vault guards
  6 hydras
  11 great orbs of eyes
  4 merfolk avatars
  2 hell beasts
  A peacekeeper (Vaults:3)
  3 spriggan air magi
  6 ironbound frosthearts
  A juggernaut simulacrum (Depths:3)
  An alligator snapping turtle (Shoals:2)
  6 boulder beetles
  3 radroaches
  2 merfolk aquamancers
  A catoblepas (Lair:5)
  13 centaur warriors
  2 jorogumos
  7 deep troll shamans
  5 deep troll earth magi
  9 satyrs (Shoals:4)
  5 spriggan berserkers
  4 two-headed ogres
  5 orc high priests
  3 death yaks (Lair:5)
  2 hell hogs (Depths:2)
  6 tengu warriors
  3 soul eaters
  9 dancing weapons
  9 deep elf knights
  16 hell knights
  11 iron trolls
  2 sun demons
  A salamander mystic (Depths:1)
  8 pharaoh ants
  A storm dragon zombie (Depths:3)
  A titan skeleton (Depths:2)
  6 skysharks
  3 glowing orange brains
  A sixfirhy (Depths:1)
  A shadow demon (D:14)
  A swamp dragon (Lair:4)
  61 deep trolls
  12 orb spiders
  An obsidian statue (Depths:1)
  A flayed ghost (Depths:4)
  7 skeletal warriors
  3 wizards
  7 sea snakes
  2 bog bodies (IceCv)
  A phantasmal warrior (Vaults:2)
  12 necromancers
  A steelbarb worm (shapeshifter) (Elf:3)
  6 deep elf archers
  18 ironbound convokers
  12 lindwurms
  21 deep elf pyromancers
  A golden dragon skeleton (Depths:2)
  4 steelbarb worms
  20 harpies
  23 wolf spiders
  A fire giant zombie (Depths:2)
  8 orc knights
  7 shining eyes
  6 orc sorcerers
  17 fauns
  20 deep elf zephyrmancers
  2 oklob plants (Zot:4)
  29 ugly things
  A tengu skeleton (Depths:3)
  18 manticores
  4 salamanders
  10 elephants
  32 moths of wrath
  8 merfolk sirens
  9 cyclopes
  7 demonic crawlers
  A rust devil (Depths:1)
  3 smoke demons
  21 vault sentinels
  2 eyes of devastation (Slime:5)
  3 black mambas
  9 cane toads
  A gargoyle (D:14)
  Maurice (D:9)
  6 water nymphs
  A cane toad (shapeshifter) (Elf:3)
  An ice statue (IceCv)
  6 torpor snails
  A rime drake (shapeshifter) (D:12)
  4 rime drakes
  3 orange demons (Depths:2)
  3 hellions
  2 unseen horrors
  4 efreet
  15 yaktaurs
  2 anaconda simulacra (IceCv)
  3 tengu conjurers
  2 tormentors
  5 komodo dragons
  A freezing wraith (IceCv)
  6 trolls
  A queen bee (Lair:1)
  2 tengu simulacra (Depths:3)
  A hellwing (Depths:2)
  31 merfolk
  18 tarantellas
  7 large abominations
  3 wind drakes
  3 polar bears
  7 hornets
  7 snapping turtles
  20 dream sheep
  32 blink frogs
  38 jumping spiders
  An air elemental (Elf:3)
  A culicivora (shapeshifter) (Elf:2)
  18 culicivoras
  3 shadows
  2 centaur simulacra (D:12)
  2 wraiths
  111 slime creatures
  14 water elementals
  3 vampires
  7 wyverns
  A dire elephant simulacrum (IceCv)
  3 ynoxinuls
  15 yaks
  2 chaos spawn
  17 golden eyes
  70 redbacks
  A steam dragon (D:9)
  5 fire elementals
  A death yak simulacrum (IceCv)
  A neqoxec (Depths:4)
  A redback (shapeshifter) (Elf:3)
  22 vampire mosquitoes
  6 basilisks
  10 wargs
  A glowing shapeshifter zombie (Depths:2)
  11 water moccasins
  A harpy simulacrum (IceCv)
  2 ice beasts
  A floating eye (Depths:3)
  A black bear (D:4)
  A sky beast (D:6)
  35 orc warriors
  5 boggarts (D:15)
  9 centaurs
  16 wolves
  22 ogres
  A phantom (D:6)
  5 elf zombies
  10 kobold brigands
  Blork the orc (D:5)
  14 bullfrogs
  2 cane toad simulacra (IceCv)
  2 earth elementals
  A scorpion (D:7)
  5 two-headed ogre simulacra (IceCv)
  47 killer bees
  An elephant simulacrum (IceCv)
  6 howler monkeys
  4 electric eels
  A hound (D:4)
  28 jellies
  17 orc priests
  4 iguanas
  Terence (D:2)
  29 orc wizards
  A hell rat (Lair:5)
  5 spriggan simulacra
  6 troll simulacra (IceCv)
  2 polar bear simulacra (IceCv)
  2 hound zombies (Ossuary)
  A boggart simulacrum (D:15)
  4 mummies (Ossuary)
  5 adders
  10 naga simulacra (IceCv)
  6 white imps
  8 ufetubi
  An adder zombie (Ossuary)
  2 worms
  5 dart slugs
  103 orcs
  4 endoplasms
  2 giant cockroaches
  14 goblins
  2 hobgoblins (D:4)
  5 jackals
  29 kobolds
  5 quokkas
  3 ball pythons
  2 bats
  3 frilled lizards (D:1)
  3 goblin zombies
  A hobgoblin zombie (Ossuary)
  A jackal zombie (Ossuary)
  2 kobold zombies (Ossuary)
  4 rats
  2 rat zombies
  4 tentacles (Shoals:4)
2189 creatures vanquished.

Vanquished Creatures (collateral kills)
  An ancient lich (Zot:5)
  An orb of fire (Zot:5)
  A Killer Klown (Zot:5)
  An electric golem (Zot:5)
  4 Orb Guardians
  2 storm dragons (Zot:5)
  A shadow dragon (Zot:5)
  A draconian stormcaller (Zot:5)
  A yellow draconian (Zot:5)
  A purple draconian (Zot:5)
  A black draconian (Zot:5)
  A great orb of eyes (Zot:4)
  2 elephants (Lair:1)
  A rust devil (Zot:5)
  A merfolk (Shoals:1)
  3 blink frogs (Lair:1)
  An orc warrior (Bailey)
  2 killer bees
  An orc priest (D:4)
  5 orcs
  A quokka (D:1)
33 creatures vanquished.

Vanquished Creatures (others)
  An ancient lich (Zot:5)
  2 orbs of fire (Zot:5)
  A Killer Klown (Zot:5)
  An electric golem (Zot:5)
  7 Orb Guardians (Zot:5)
  A shadow dragon (Zot:5)
  A draconian monk (Zot:3)
  2 draconian stormcallers (Zot:5)
  A ghost moth (Zot:3)
  2 black draconians (Zot:5)
  A green draconian (Zot:5)
  A purple draconian (Zot:5)
  A yellow draconian (Zot:5)
  3 white draconians (Zot:5)
  2 red draconians (Zot:5)
  An alligator (Lair:5)
  2 skysharks
  A moth of wrath (Zot:1)
  A merfolk (Shoals:1)
  2 orc warriors (Bailey)
  A kobold brigand (Bailey)
  3 killer bees
  A ball python (D:1)
  2 jackals
  53 fungi
  134 plants
  2 tentacles (Shoals:4)
230 creatures vanquished.

Grand Total: 2452 creatures vanquished

Notes
Turn   | Place    | Note
-------+----------+-------------------------------------------
     0 | D:1      | ragingrage the Felid Artificer began the quest for the Orb.
     0 | D:1      | Reached XP level 1. HP: 9/9 MP: 2/2
   107 | D:1      | Reached skill level 1 in Unarmed Combat
   116 | D:1      | Reached XP level 2. HP: 12/12 MP: 3/3
   674 | D:2      | Reached XP level 3. HP: 15/15 MP: 4/4
   975 | D:3      | Found a glowing silver altar of Zin.
  1959 | D:3      | Reached XP level 4. HP: 19/19 MP: 5/5
  2146 | D:3      | Noticed Terence
  2607 | D:4      | Noticed a black bear
  2619 | D:4      | Killed a black bear
  2620 | D:4      | Reached XP level 5. HP: 11/22 MP: 2/6
  2766 | D:4      | Identified the ring of Perooh {rF+ rN++ SInv}
  3068 | D:4      | Reached skill level 5 in Unarmed Combat
  3163 | D:4      | Gained mutation: You are covered in thick fur. (AC +2)
                  | [Felid growth]
  3163 | D:4      | Reached XP level 6. HP: 13/25 MP: 3/7
  3861 | D:5      | Entered Level 5 of the Dungeon
  3899 | D:5      | Found a snail-covered altar of Cheibriados.
  3940 | D:5      | Noticed Blork the orc
  4067 | D:5      | Noticed an ice beast
  4076 | D:5      | Killed an ice beast
  4142 | D:5      | Found an ancient bone altar of Kikubaaqudgha.
  4600 | D:6      | Reached XP level 7. HP: 14/28 MP: 3/8
  4656 | D:6      | Reached skill level 4 in Dodging
  4833 | D:6      | Reached skill level 5 in Dodging
  4895 | D:6      | Reached XP level 8. HP: 32/32 MP: 9/9
  5334 | D:6      | Found a staircase to the Ecumenical Temple.
  5403 | Temple   | Entered the Ecumenical Temple
  5446 | Temple   | Became a worshipper of Gozag Ym Sagoz the Greedy
  5584 | D:6      | Found a hide-covered altar of Uskayaw.
  5827 | D:7      | Found a sand-covered staircase.
  5836 | Ossuary  | Entered an ossuary
  5901 | Ossuary  | Reached skill level 10 in Unarmed Combat
  6271 | D:7      | Found a flagged portal.
  6291 | Bailey   | Entered a bailey
  6436 | Bailey   | Reached XP level 9. HP: 27/35 MP: 6/10
  6570 | Bailey   | Reached skill level 6 in Dodging
  6778 | Bailey   | Found an iron altar of Okawaru.
  6967 | D:7      | Found a sparkling altar of Nemelex Xobeh.
  6968 | D:7      | Found a radiant altar of Vehumet.
  6974 | D:7      | Found a hazy altar of Hepliaklqana.
  7090 | D:7      | Found a stormy altar of Qazlal.
  7298 | D:8      | Reached skill level 7 in Dodging
  7718 | D:8      | Identified the ring "Kigode" {rC+ Will+ MP+9 Dex+2}
  8084 | D:8      | Reached skill level 8 in Dodging
  8345 | D:7      | Reached XP level 10. HP: 15/43 MP: 4/11
  9287 | D:8      | Noticed a cyclops
  9527 | D:8      | Killed a cyclops
  9528 | D:8      | Reached skill level 5 in Fighting
  9528 | D:8      | Reached skill level 9 in Dodging
  9682 | D:8      | Learned a level 3 spell: Mephitic Cloud
 10050 | D:8      | Found an iron altar of Okawaru.
 10129 | D:9      | Identified the +4 scale mail "Zeasm" {+Inv Will- Regen+
                  | rCorr}
 10539 | D:9      | Noticed a two-headed ogre
 10610 | D:8      | Bought a manual of Unarmed Combat for 1120 gold pieces
 11739 | D:9      | Noticed Maurice
 11746 | D:9      | Killed Maurice
 12031 | D:10     | Entered Level 10 of the Dungeon
 12320 | D:10     | Reached XP level 11. HP: 30/50 MP: 12/12
 12598 | D:10     | Reached skill level 15 in Unarmed Combat
 12693 | D:10     | Found a staircase to the Orcish Mines.
 12715 | D:10     | Slain by a warg
 12716 | D:10     | Reached XP level 10. HP: -2/47 MP: 0/20
 13000 | D:10     | Found a transporter.
 13181 | D:10     | Found a transporter.
 13181 | D:10     | Found Guwega Feve's Antique Weapon Emporium.
 13302 | D:10     | Noticed a two-headed ogre
 13313 | D:10     | Killed a two-headed ogre
 13314 | D:10     | Reached skill level 5 in Evocations
 13897 | D:11     | Found a staircase to the Lair.
 14352 | D:11     | Found a frozen archway.
 14423 | IceCv    | Entered an ice cave
 14877 | IceCv    | Reached XP level 11. HP: 49/50 MP: 12/12
 16057 | IceCv    | Noticed a bog body
 16057 | IceCv    | Noticed a bog body
 16070 | IceCv    | Killed a bog body
 16077 | IceCv    | Killed a bog body
 16421 | IceCv    | Got the Precepts of Obstruction
 16425 | IceCv    | Identified the +5 flail of Gravity {freeze, Str+6 Int+3}
 17138 | Lair:1   | Entered Level 1 of the Lair of Beasts
 17264 | Lair:1   | Found a transporter.
 17287 | Lair:1   | Noticed MrSquiggles's ghost (journeyman HuGl)
 17333 | Lair:1   | Reached skill level 1 in Spellcasting
 17336 | Lair:1   | Reached skill level 1 in Conjurations
 17336 | Lair:1   | Reached skill level 1 in Air Magic
 17336 | Lair:1   | Reached skill level 1 in Poison Magic
 17375 | D:11     | Reached skill level 10 in Dodging
 17450 | D:11     | Mangled by a komodo dragon
 17451 | D:11     | Reached XP level 10. HP: -8/48 MP: 0/21
 17641 | Lair:1   | Found a transporter.
 17665 | Lair:1   | Noticed an elephant
 17784 | Lair:1   | Noticed an elephant
 17785 | Lair:1   | Noticed an elephant
 17826 | Lair:1   | Killed an elephant
 17827 | Lair:1   | Reached XP level 11. HP: 30/51 MP: 11/14
 17971 | Lair:1   | Noticed a skyshark
 18006 | Lair:1   | Killed a skyshark
 19203 | Lair:2   | Reached skill level 11 in Dodging
 19268 | Lair:2   | Learned a level 3 spell: Vhi's Electric Charge
 19386 | Lair:3   | Found a hole to the Spider Nest.
 19386 | Lair:3   | Noticed a pharaoh ant
 19411 | Lair:2   | Killed a pharaoh ant
 19412 | Lair:2   | Reached skill level 1 in Translocations
 20284 | Lair:3   | Bought the Reference Book on the Shifting Band for 624 gold
                  | pieces
 20292 | Lair:3   | Learned a level 7 spell: Storm Form
 20418 | Lair:3   | Gained mutation: Your thick and shaggy fur keeps you warm.
                  | (AC +3, rC+) [Felid growth]
 20418 | Lair:3   | Reached XP level 12. HP: 41/56 MP: 18/18
 20828 | Lair:3   | Reached skill level 1 in Transmutations
 21796 | Lair:4   | Noticed Sonja
 21799 | Lair:4   | Sonja changed into Sonja the basilisk
 21799 | Lair:4   | Noticed Sonja
 21811 | Lair:4   | Killed Sonja the basilisk
 21928 | Lair:4   | Noticed a seven-headed hydra
 21970 | Lair:4   | Learned a level 1 spell: Magic Dart
 22141 | Lair:4   | Reached skill level 5 in Stealth
 22405 | Lair:4   | Noticed a six-headed hydra
 22666 | Lair:4   | Found a viscous altar of Jiyva.
 22666 | Lair:4   | Found a staircase to the Slime Pits.
 22932 | Lair:4   | Noticed Nessos
 23166 | Lair:4   | Nessos changed into Nessos the swamp dragon
 23166 | Lair:4   | Noticed Nessos
 23178 | Lair:4   | Killed Nessos the swamp dragon
 23350 | Lair:5   | Entered Level 5 of the Lair of Beasts
 23350 | Lair:5   | Noticed a five-headed hydra
 23369 | Lair:4   | Killed a seven-headed hydra
 23958 | Lair:4   | Reached skill level 12 in Dodging
 24280 | Lair:5   | Noticed a four-headed hydra
 24435 | Lair:5   | Killed a four-headed hydra
 24436 | Lair:5   | Reached XP level 13. HP: 36/60 MP: 17/20
 24560 | Lair:5   | Reached skill level 5 in Air Magic
 26072 | Lair:5   | Reached skill level 5 in Transmutations
 26314 | Lair:5   | Reached skill level 10 in Fighting
 26579 | Lair:5   | Reached skill level 13 in Dodging
 26978 | Lair:5   | Noticed a dire elephant
 26988 | Lair:5   | Learned a level 1 spell: Sting
 27160 | Slime:1  | Entered Level 1 of the Pits of Slime
 27160 | Slime:1  | Noticed a quicksilver ooze
 27255 | Lair:5   | Killed a dire elephant
 27334 | Lair:5   | Learned a level 2 spell: Blink
 27517 | Orc:1    | Entered Level 1 of the Orcish Mines
 27748 | Orc:1    | Noticed an orc warlord
 28047 | D:10     | Killed an orc warlord
 28264 | Orc:1    | Found a runed translucent gate.
 28265 | Orc:1    | Found a runed translucent gate.
 28266 | Orc:1    | Found an opulent altar of Gozag.
 28272 | Orc:1    | Found a runed translucent gate.
 28276 | Orc:1    | Noticed Soghihiz's ghost (journeyman TeMo)
 28277 | Orc:1    | Found Yklodush's Assorted Antiques.
 28462 | Orc:1    | Found Ikhiymn's Distillery.
 28465 | Orc:1    | Bought a potion of heal wounds for 80 gold pieces
 28577 | Orc:2    | Entered Level 2 of the Orcish Mines
 28808 | Orc:2    | Noticed an orc warlord
 28931 | Orc:2    | Found Exyizut's Antique Armour Boutique.
 29330 | Orc:2    | Reached XP level 14. HP: 62/66 MP: 21/21
 29471 | Orc:1    | Killed an orc warlord
 29985 | Orc:2    | Found Syrece's Book Emporium.
 30006 | Orc:2    | Found Evefuywn's Antique Weapon Boutique.
 30118 | Orc:1    | Reached skill level 14 in Dodging
 30270 | Orc:2    | Found Vired's Magic Scroll Emporium.
 30940 | Orc:2    | Found Hagiy's General Store.
 30945 | Orc:2    | Found a staircase to the Elven Halls.
 31202 | Orc:2    | Bought a book of Air for 330 gold pieces
 31207 | Orc:2    | Learned a level 4 spell: Airstrike
 32047 | D:12     | Found an ancient bone altar of Kikubaaqudgha.
 33002 | D:12     | Noticed a fire giant
 33127 | D:12     | Noticed a storm dragon
 33263 | D:13     | You fall into a shaft and drop 2 floors!
 33263 | D:15     | Entered Level 15 of the Dungeon
 34507 | D:13     | Found a gate to the Vaults.
 35139 | D:14     | Reached skill level 10 in Transmutations
 37106 | D:14     | Reached XP level 15. HP: 49/69 MP: 10/22
 37433 | D:15     | Reached skill level 10 in Air Magic
 38893 | Elf:1    | Entered Level 1 of the Elven Halls
 39271 | Elf:1    | Reached XP level 16. HP: 73/73 MP: 23/23
 40219 | Shoals:1 | Entered Level 1 of the Shoals
 43477 | Shoals:2 | Found an ancient bone altar of Kikubaaqudgha.
 44270 | Shoals:2 | Reached skill level 5 in Spellcasting
 45781 | Shoals:2 | Found a glowing golden altar of the Shining One.
 47556 | Shoals:3 | Reached XP level 17. HP: 76/76 MP: 18/27
 47912 | Shoals:4 | Entered Level 4 of the Shoals
 47912 | Shoals:4 | Noticed a kraken
 50724 | Shoals:4 | Killed a kraken
 51724 | Shoals:4 | Identified the +3 shortbow "Zuhol" {heavy, rC+ Dex+4}
 52402 | Spider:1 | Entered Level 1 of the Spider Nest
 52550 | Spider:1 | Reached skill level 15 in Transmutations
 52571 | Spider:1 | Learned a level 5 spell: Arcjolt
 54625 | Spider:1 | Identified Roxanne's Guidebook on Spelunking
 54625 | Spider:1 | Noticed Roxanne
 54638 | Spider:1 | Killed Roxanne
 56518 | Spider:2 | Reached skill level 15 in Air Magic
 56917 | Spider:3 | Reached XP level 18. HP: 73/80 MP: 30/30
 57565 | Spider:3 | Noticed Arachne
 57590 | Spider:3 | Noticed Musia's ghost (adept DjCj)
 58237 | Spider:3 | Found a transporter.
 58259 | Spider:3 | Found a transporter.
 58402 | Spider:3 | Identified the +3 leather armour of Gipseism {rC+ Int+3}
 58538 | Spider:4 | Entered Level 4 of the Spider Nest
 58976 | Spider:4 | Identified the +9 long sword "Jyqext" {freeze, Dex+3}
 59505 | Spider:4 | Learned a level 3 spell: Swiftness
 60193 | Spider:4 | Identified the +1 hat of Youthful Indiscretion {+Blink
                  | Regen+}
 60210 | Spider:4 | Got a gossamer rune of Zot
 61087 | Shoals:4 | Got a barnacled rune of Zot
 62148 | D:2      | Killed Terence
 62459 | D:5      | Found a snail-covered altar of Cheibriados.
 62828 | D:5      | Found an ancient bone altar of Kikubaaqudgha.
 62921 | D:5      | Killed Blork the orc
 63654 | D:12     | Identified the +0 pair of gloves "Sovogri" {Fly rN+ MP-9
                  | Int+4}
 63665 | D:12     | Learned a level 5 spell: Yara's Violent Unravelling
 64027 | Lair:1   | Killed MrSquiggles's ghost
 64028 | Lair:1   | Reached skill level 1 in Hexes
 64254 | Orc:1    | Killed Soghihiz's ghost
 64369 | Orc:1    | Bought a scroll of blinking for 172 gold pieces
 64369 | Orc:1    | Bought a scroll of summoning for 218 gold pieces
 64638 | Elf:1    | Reached XP level 19. HP: 72/84 MP: 21/32
 64940 | Elf:1    | Got Sif Muna's Spellbook of Unholy Ceremonies
 65810 | Elf:2    | Noticed a Brimstone Fiend
 65916 | Elf:2    | Found Wul Qec's Jewellery Boutique.
 66316 | Elf:2    | Found a runed translucent gate.
 66316 | Elf:2    | Found a runed translucent gate.
 66316 | Elf:2    | Found a runed translucent gate.
 66576 | Elf:2    | Identified a scroll of acquirement
 66586 | Elf:2    | Acquired the amulet "Ajina Anut" {Fly Regen+ Dex+2}
 66798 | Elf:3    | Entered Level 3 of the Elven Halls
 66909 | Elf:3    | Reached skill level 5 in Hexes
 67007 | Elf:3    | Found Sor Rupu's Tremendous Tomes.
 67016 | Elf:3    | Bought the Lectures on Arctic Fulmination for 1458 gold
                  | pieces
 67023 | Elf:3    | Learned a level 5 spell: Irradiate
 67115 | Elf:3    | Reached skill level 15 in Dodging
 67270 | Elf:3    | Reached skill level 5 in Conjurations
 68332 | Elf:3    | Identified the ring of Satergh {rF++ Str+6 Stlth+}
 69118 | Vaults:1 | Entered Level 1 of the Vaults
 69118 | Vaults:1 | Found Qamn's Antique Weapon Shop.
 69308 | Vaults:1 | Reached skill level 16 in Dodging
 69991 | Vaults:1 | Reached XP level 20. HP: 78/91 MP: 34/34
 70777 | Vaults:1 | Reached skill level 17 in Dodging
 71173 | Vaults:2 | Found a staircase to the Crypt.
 71629 | Vaults:2 | Noticed Mara
 71732 | Vaults:2 | Noticed ragingrage's illusion
 71740 | Vaults:2 | Killed Mara
 72495 | Vaults:2 | Noticed Mennas
 72528 | Vaults:2 | Slain by Mennas
 72529 | Vaults:2 | Reached XP level 19. HP: -4/89 MP: 41/42
 72824 | D:15     | Found a staircase to the Depths.
 72845 | Depths:1 | Entered Level 1 of the Depths
 72869 | Depths:1 | Reached skill level 18 in Dodging
 72976 | Depths:1 | Found a runed translucent gate.
 72977 | Depths:1 | Found a runed translucent gate.
 72980 | Depths:1 | Found a runed translucent gate.
 72982 | Depths:1 | Found the +5 Lochaber axe {reach-cleave, Poleaxe Drain}
 73188 | Depths:1 | HP: 4/90 [living spell/divine providence[a walking divine
                  | tome] (9)]
 73188 | Depths:1 | Killed from afar by a living spell
 73189 | Depths:1 | Reached XP level 18. HP: -9/86 MP: 28/41
 73194 | Depths:1 | Upgraded the game from 0.30-a0-1103-g25895a7845 to
                  | 0.30-a0-1112-gfb780f5df6
 74088 | Depths:1 | Reached XP level 19. HP: 90/90 MP: 32/33
 74135 | Depths:1 | Identified the ring "Ciru" {Wiz Int+4}
 74235 | Depths:1 | Found a one-way gateway to a ziggurat.
 74790 | Depths:1 | Found a gateway to Hell.
 74804 | Depths:1 | Reached skill level 10 in Spellcasting
 75152 | Depths:2 | Found a transporter.
 75370 | Depths:2 | Noticed a caustic shrike
 75375 | Depths:2 | Found a transporter.
 75375 | Depths:2 | Noticed a juggernaut
 75451 | Depths:2 | Identified the ring of Suspicion {rF+ Int+6}
 75569 | Depths:2 | Identified the +2 leather armour of Dishonour {Will- Regen+
                  | Dex+5}
 75831 | Depths:2 | Found a transporter.
 75847 | Depths:2 | Found a shimmering altar of Xom.
 75850 | Depths:2 | Found a shimmering altar of Xom.
 76167 | D:8      | Bought a book of the Warp for 588 gold pieces
 76172 | D:8      | Learned a level 4 spell: Manifold Assault
 76438 | Depths:2 | Found Didadgh's Armour Shoppe.
 76523 | Depths:2 | Found a transporter.
 76535 | Depths:2 | Found a transporter.
 76634 | Depths:2 | Found a one-way gate leading to the halls of Pandemonium.
 77017 | Depths:3 | Found Guur Ybb's General Store.
 77022 | Depths:3 | Found Azajog's Jewellery Boutique.
 77022 | Depths:3 | Found Siulem's Antique Armour Shop.
 77047 | Depths:3 | Found Sizoar's Antique Armour Shop.
 77049 | Depths:3 | Bought a potion of haste for 120 gold pieces
 77322 | Depths:4 | Entered Level 4 of the Depths
 77664 | Depths:4 | Reached skill level 5 in Translocations
 78195 | Depths:3 | Found a runed translucent gate.
 78195 | Depths:3 | Found a runed translucent gate.
 78195 | Depths:3 | Found a runed translucent gate.
 78198 | Depths:3 | Noticed pigah's ghost (adept OpWn)
 78243 | Depths:3 | Found a one-way gate to the infinite horrors of the Abyss.
 78914 | Depths:3 | Reached skill level 15 in Fighting
 79756 | Depths:3 | Noticed a caustic shrike
 79759 | Depths:3 | Killed a caustic shrike
 79760 | Depths:3 | Reached XP level 20. HP: 83/97 MP: 36/36
 80631 | Depths:4 | Found a gate to the Realm of Zot.
 80651 | Depths:4 | Reached skill level 10 in Translocations
 80926 | Depths:4 | Found a shimmering blue altar of Sif Muna.
 83000 | Slime:5  | Entered Level 5 of the Pits of Slime
 83065 | Slime:4  | Learned a level 8 spell: Maxwell's Capacitive Coupling
 83944 | Slime:4  | Gained mutation: You are weak. (Str -2) [a shining eye]
 84475 | Slime:5  | Noticed the Royal Jelly
 84642 | Slime:5  | Found a viscous altar of Jiyva.
 85996 | Slime:5  | Killed the Royal Jelly
 85997 | Slime:5  | Reached XP level 21. HP: 37/102 MP: 37/37
 87337 | Slime:5  | Got a slimy rune of Zot
 87348 | Slime:5  | Identified the staff of earth "Plog" {rF+ Will- Stlth+}
 87355 | Slime:5  | Identified the ring of Wonder {Fire rElec rCorr}
 87377 | Slime:5  | Identified the +10 dagger "Luqevvah" {heavy, Int+2}
 89152 | Vaults:3 | Found Hahymet's Distillery.
 89165 | Vaults:3 | Bought a potion of brilliance for 48 gold pieces
 89475 | Vaults:4 | Noticed Margery
 89646 | Vaults:4 | Killed Margery
 89753 | Vaults:4 | Found Oduner Zapit's Weapon Emporium.
 91595 | Zot:1    | Entered Level 1 of the Realm of Zot
 91637 | Zot:1    | Reached skill level 10 in Evocations
 91659 | Zot:1    | Reached XP level 22. HP: 49/108 MP: 39/39
 92435 | Zot:1    | Noticed a golden dragon
 92441 | Zot:1    | Killed a golden dragon
 93081 | Zot:1    | Noticed a golden dragon
 93096 | Zot:1    | Killed a golden dragon
 93473 | Zot:1    | Identified the +1 robe "Moobausi" {-Tele rF+ Str+3}
 94295 | Zot:1    | Reached skill level 19 in Dodging
 94981 | Zot:2    | Noticed a golden dragon
 94992 | Zot:2    | Killed a golden dragon
 95633 | Zot:2    | Noticed a curse toe
 96028 | Lair:3   | Bought the Meditations on the Unlucky Quake for 364 gold
                  | pieces
 96031 | Lair:3   | Learned a level 2 spell: Passwall
 96437 | Zot:2    | Killed a curse toe
 96508 | Zot:3    | Reached skill level 1 in Earth Magic
 96600 | Zot:3    | Reached XP level 23. HP: 55/114 MP: 23/40
 97592 | Zot:3    | Reached skill level 20 in Dodging
 97707 | Zot:3    | Noticed an orb of fire
 97709 | Zot:3    | Gained mutation: You are frail. (-10% HP) [an orb of fire]
 97713 | Zot:3    | Killed an orb of fire
 97863 | Zot:3    | Lost mutation: You are weak. (Str -2) [potion of mutation]
 97863 | Zot:3    | Lost mutation: You are frail. (-10% HP) [potion of
                  | mutation]
 97863 | Zot:3    | Gained mutation: You passively dampen the noise of your
                  | surroundings. [potion of mutation]
 98773 | Zot:4    | Noticed a curse toe
 98780 | Zot:4    | Killed a curse toe
 98781 | Zot:4    | Reached skill level 5 in Earth Magic
 99138 | Zot:4    | Noticed a Killer Klown
 99148 | Zot:4    | Killed a Killer Klown
100802 | Zot:4    | Reached skill level 21 in Dodging
101459 | Zot:4    | Reached skill level 22 in Dodging
102334 | Zot:5    | Entered Level 5 of the Realm of Zot
102748 | Zot:5    | Reached skill level 10 in Stealth
102962 | Zot:5    | Noticed an ancient lich
102963 | Zot:5    | Noticed a curse toe
102971 | Zot:5    | Killed a curse toe
102980 | Zot:5    | Noticed an orb of fire
102981 | Zot:5    | Noticed an orb of fire
102981 | Zot:5    | Noticed an orb of fire
102983 | Zot:5    | Noticed an orb of fire
102984 | Zot:5    | Noticed an orb of fire
102984 | Zot:5    | Noticed a Killer Klown
102984 | Zot:5    | Noticed a Killer Klown
102984 | Zot:5    | Noticed an orb of fire
102984 | Zot:5    | Noticed an orb of fire
102992 | Zot:5    | Killed a Killer Klown
102999 | Zot:5    | Reached XP level 24. HP: 109/120 MP: 40/40
103047 | Zot:5    | Killed an orb of fire
103064 | Zot:5    | Noticed an orb of fire
103066 | Zot:5    | Got the Orb of Zot
103073 | Zot:5    | Killed an ancient lich
103094 | Zot:5    | Killed a Killer Klown
103097 | Zot:5    | Killed an orb of fire
103820 | D:$      | Escaped with the Orb!

Illustrated notes

Levels and vault maps discovered:
D:1:      evilmike_arrival_crescent, layout_basic, minmay_tetromino_l4
D:2:      wander_river, layout_basic
D:3:      layout_loops_cross, amcnicky_altar_gilded, uniq_terence
D:4:      layout_basic
D:5:      layout_cave_pools, lemuel_coloured_pillars_altar, serial_park,
          serial_park_fountain, serial_park_square2, serial_park_tiny_2,
          serial_park_square2, minmay_misc_feat_nine_boxes, uniq_blork_the_orc
D:6:      hellmonk_destroyed_diamonds, layout_basic,
          nicolae_uskayaw_dance_studio, minmay_temple_entry_proselytizer
D:7:      layout_loops_ring, nicolae_qazlal_general_emergency,
          gammafunk_temple_overflow_forgotten, enter_bailey_5, enter_ossuary_4
D:8:      layout_basic, kennysheep_okawaru_gauntlet, special_room
          [special_room_orc], grunt_potential
D:9:      layout_basic, uniq_maurice
D:10:     layout_basic, erik_orc_4, serial_shops, nicolae_shop_drivethru
D:11:     layout_roguey, dpeg_oklobed_lair, portal_ice_cave_rime
D:12:     minmay_two_paths, layout_rooms, kiku_gazebo_pond_becter
D:13:     layout_roguey, david_vaults_4, hangedman_decor_points
D:14:     layout_roguey, minmay_tree_intersection
D:15:     grunt_enter_depths_snipers, layout_loops_cross
Temple:   nicolae_temple_bog_church
Lair:1:   layout_gridlike, gammafunk_ghost_hive
Lair:2:   layout_gridlike, nicolae_shoals_entry_flooding,
          infiniplex_staircase_pool_2
Lair:3:   layout_cellular_growth, nicolae_spider_entry_lesser_pyramids
Lair:4:   layout_long_grid, slime_entry_1, lemuel_fruit_tree,
          wad_woods_river_01, uniq_sonja, uniq_nessos
Lair:5:   hangedman_lair_in_review, layout_cave_pods,
          grunt_forest_large_clearing_hut, grunt_megastairs_2
Shoals:1: layout_shoals, abandoned_shop
Shoals:2: layout_shoals, hangedman_feature_mirror
Shoals:3: cheibrodos_shoals_roost, layout_shoals
Shoals:4: shoals_end_hellmonk_lost_city
Spider:1: layout_chambers, guppyfry_spider_mini_2,
          hangedman_spider_tarantella_strand, uniq_roxanne
Spider:2: layout_spider_delve, nicolae_spider_some_kinda_spiderbox
Spider:3: nicolae_spider_mines_2, nzn_ghost_randoct
Spider:4: spider_rune_water, hangedman_spider_mandibles,
          spiders_nest_hornet_nest
Slime:1:  layout_caves
Slime:2:  layout_caves
Slime:3:  layout_caves
Slime:4:  layout_caves
Slime:5
Orc:1:    layout_diamond_mine, serial_shops, nicolae_shop_tiny_real_fake_doors,
          ebering_ghost_gozag, basic_altar, nicolae_orc_lava_room
Orc:2:    grunt_orc_gardens, layout_caves, grunt_orc_garden, grunt_orc_garden,
          grunt_orc_garden, grunt_orc_garden, serial_shops, shop
Elf:1:    layout_loops_corners, minmay_elf_necromancy,
          kennysheep_underground_church
Elf:2:    nicolae_elf_blades_splatter_lattice
          [nicolae_blade_entry_hurt_lockers], layout_gridlike, serial_shops,
          nicolae_shop_peninsula, chequers_hall_statues_corner_a
Elf:3:    grunt_elf_hall_branching, layout_gridlike,
          nicolae_shop_i_like_big_books, st_stairs_6, nicolae_fountain_basement
Vaults:1: mu_enter_wizlab_5, nicolae_vaults_inception_network, v_pattern_5,
          nicolae_vaults_network_s, v_misc_10, nicolae_vaults_sealed_display,
          v_misc_25, v_alt_pattern_4, nicolae_vaults_ninety_degrees,
          nicolae_vaults_diagonal_hallway_8, dpeg_vaults_monster_box,
          layout_vaults_omnicross, serial_shops,
          nicolae_shop_temple_entry_statues_fountains
Vaults:2: nicolae_vaults_big_angled_halls, minmay_crypt_entry_simple_plaza,
          vaults_mumra_chevron, st_greater_box_2, nicolae_vaults_theta,
          v_misc_2, nicolae_vaults_network_square, vaults_dpeg_emergency_exit,
          ontoclasm_vaults_twist, v_misc_26, nicolae_vaults_ring_of_whatevers,
          v_misc_12, vaults_room_fours, hangedman_vaults_impose,
          layout_vaults_omnibox, uniq_mennas, uniq_mara
Vaults:3: st_quartered_hall, ontoclasm_vaults_fault,
          ontoclasm_vaults_ring_square, vaults_room_large_hall,
          nicolae_vaults_yaktaur_gun_rack, nicolae_vaults_border_crossing,
          layout_vaults_quadrants, serial_shops, nicolae_shop_tiny_glass
Vaults:4: ontoclasm_vaults_eye, nicolae_vaults_hallways_thing, v_rooms_1,
          vaults_room_fours, hangedman_vaults_stitches, ontoclasm_vaults_hangar,
          ontoclasm_vaults_ligature, grunt_vaults_focal,
          nicolae_vaults_what_the_h, v_misc_10, ontoclasm_vaults_gateway,
          ontoclasm_vaults_loading_screen, layout_vaults_ring, serial_shops,
          shop, uniq_margery
Depths:1: hangedman_cross_veins, layout_cave_pools, enter_ziggurat_b,
          grunt_hell_entry_demonic_statue, serial_glass, glass_columns_b,
          glass_columns_b, hangedman_glass_teeth, minivault_11,
          kennysheep_doodads, corexii_corridor_pit, grunt_ministairs_1,
          drop_trap, pandoras_box_mu
Depths:2: gammafunk_the_bubble [the_bubble_gammafunk_roulette], layout_basic,
          nrook_mini_backslash, hellmouth_1, grunt_pan_entry_zigzag,
          serial_shops, nicolae_shop_waterfront, drop_trap, xom_redecorated
Depths:3: minmay_tri_box, layout_cave_shapes, gammafunk_ghost_necromancy,
          hell_entry, abyss_entry, minmay_shoptagon
Depths:4: grunt_zot_entry_tricorne, layout_gridlike, pf_hell_entry_tar_spiral,
          led_sif_pool
Zot:1:    lemuel_halls_of_wrath, layout_basic
Zot:2:    layout_gridville
Zot:3:    layout_cellular_growth, zot_minivault_7
Zot:4:    lemuel_acid_trip, layout_cathedral_of_symmetry
Zot:5:    layout_cellular_growth

Skill      XL: |  1  2  3  4  5  6  7  8  9 10 11 12 13 14 15 16 17 18 19 20 21 22 23 24 |
---------------+-------------------------------------------------------------------------+-----
Stealth        | 2 3 4 6 8 9 11 12 | 12.9
Unarmed Combat | 1 2 4 5 6 8 10 11 16 18 19 20 | 20.0
Dodging        | 5 8 9 11 12 13 14 18 17 19 22 | 22.6
Fighting       | 4 7 8 9 10 15 13 16 18 19 | 19.4
Evocations     | 6 8 10 12 | 12.0
Spellcasting   | 3 4 6 7 8 11 12 | 12.0
Conjurations   | 2 3 6 |  6.0
Air Magic      | 3 4 6 9 11 12 15 17 19 20 | 20.5
Poison Magic   | 2 3 |  3.0
Translocations | 1 3 8 10 | 10.0
Transmutations | 3 6 10 11 14 16 17 19 20 | 20.0
Hexes          | 2 5 |  5.0
Earth Magic    | 1 5 |  5.0

Action                     |  1- 3 |  4- 6 |  7- 9 | 10-12 | 13-15 | 16-18 | 19-21 | 22-24 || total
---------------------------+-------+-------+-------+-------+-------+-------+-------+-------++-------
  Melee: Unarmed           |   134 |   129 |   336 |  1221 |   948 |  1010 |  1886 |   945 ||  6609
         Bite              |     8 |    12 |    37 |   154 |   155 |    47 |     6 |       ||   419
         Punch             |     2 |     4 |    24 |   131 |   158 |   177 |   300 |   135 ||   931
   Cast: Magic Dart        |       |       |       |     7 |       |       |       |       ||     7
         Sting             |       |       |       |       |   112 |       |       |       ||   112
         Airstrike         |       |       |       |       |   137 |   527 |       |       ||   664
         Vhi's Electric Ch |       |       |       |       |       |    56 |   122 |    43 ||   221
         Storm Form        |       |       |       |       |       |    73 |   156 |    82 ||   311
         Blink             |       |       |       |       |       |     2 |     1 |       ||     3
         Mephitic Cloud    |       |       |       |       |       |     2 |       |       ||     2
         Arcjolt           |       |       |       |       |       |     3 |    19 |       ||    22
         Yara's Violent Un |       |       |       |       |       |     1 |    23 |     2 ||    26
         Manifold Assault  |       |       |       |       |       |       |    98 |   267 ||   365
         Maxwell's Capacit |       |       |       |       |       |       |     1 |     7 ||     8
 Invoke: Call Merchant     |       |       |       |     2 |       |       |       |       ||     2
         Potion Petition   |       |       |       |       |       |     2 |     3 |     5 ||    10
         Bribe Branch      |       |       |       |       |       |       |       |     4 ||     4
Ability: Blinkbolt         |       |       |       |       |       |     5 |    11 |     3 ||    19
  Evoke: Wand              |    10 |     6 |    22 |    24 |     9 |    19 |     2 |     4 ||    96
         Phial of floods   |       |       |       |       |     1 |       |     1 |       ||     2
         Condenser vane    |       |       |       |       |       |       |     5 |     2 ||     7
         Phantom mirror    |       |       |       |       |       |       |     1 |     1 ||     2
    Use: Scroll            |     2 |     4 |     3 |    13 |    11 |     3 |     7 |     3 ||    46
         Potion            |       |       |     4 |     6 |     4 |     7 |     4 |     3 ||    28
   Stab: Sleeping          |     4 |     7 |    11 |    14 |    11 |    19 |    29 |     5 ||   100
         Distracted        |     1 |       |     1 |    14 |    12 |     6 |    21 |     4 ||    59
         Confused          |       |       |     1 |       |       |     2 |     1 |       ||     4
         Invisible         |       |       |       |       |       |       |       |     8 ||     8
 Armour: Skin              |     8 |     9 |    12 |    47 |    29 |   119 |   159 |    58 ||   441
  Dodge: Dodged            |    99 |   109 |   291 |  1046 |   801 |  1476 |  1773 |   754 ||  6349

Table legend: (Time is in decaauts)
 A = Elapsed time spent in this place.
 B = Non-inter-level travel time spent in this place.
 C = Inter-level travel time spent in this place.
 D = Time resting spent in this place.
 E = Time spent auto-exploring this place.
 F = Levels seen in this place.
 G = Mean time per level.
                   A        B        C        D        E       F      G
               +--------+--------+--------+--------+--------+-----+--------+
         Total |  94518 |  87929 |   6589 |  33249 |  37080 |  55 | 1718.5 |
       Dungeon |  23503 |  20569 |   2934 |   6838 |   9103 |  15 | 1566.9 |
        Temple |     49 |     32 |     17 |      0 |     25 |   1 |   49.0 |
          Lair |  10247 |   9154 |   1093 |   3564 |   3449 |   5 | 2049.4 |
        Shoals |  12845 |  12524 |    321 |   7540 |   3399 |   4 | 3211.2 |
   Spider Nest |   7101 |   6900 |    201 |   1914 |   3722 |   4 | 1775.2 |
    Slime Pits |   5754 |   5582 |    172 |   3138 |   1326 |   5 | 1150.8 |
  Orcish Mines |   3427 |   2896 |    531 |   1096 |    901 |   2 | 1713.5 |
   Elven Halls |   5086 |   4888 |    198 |   1442 |   2670 |   3 | 1695.3 |
        Vaults |   6264 |   5963 |    301 |   1138 |   3762 |   4 | 1566.0 |
        Depths |   7595 |   7069 |    526 |   2389 |   3434 |   4 | 1898.8 |
           Zot |   9972 |   9682 |    290 |   2795 |   4759 |   5 | 1994.4 |
       Ossuary |    325 |    325 |      0 |     83 |    108 |   1 |  325.0 |
        Bailey |    483 |    483 |      0 |    174 |     80 |   1 |  483.0 |
      Ice Cave |   1859 |   1859 |      0 |   1133 |    336 |   1 | 1859.0 |
               +--------+--------+--------+--------+--------+-----+--------+

Top non-repeatable levels by time:
Shoals:2: 4405 daAuts
   Zot:4: 3746 daAuts
Shoals:1: 3560 daAuts
Shoals:3: 3073 daAuts
  Lair:5: 2848 daAuts
     D:8: 2595 daAuts
 Slime:5: 2538 daAuts
   Zot:1: 2394 daAuts
  Lair:4: 2382 daAuts
Spider:1: 2361 daAuts
    D:15: 2345 daAuts
   Elf:1: 2260 daAuts
   Orc:1: 2205 daAuts
    D:10: 2202 daAuts
    D:12: 2154 daAuts
